AoeStats
← Rey Gyuma

Arabia

510139527Analyzed
2v2 RM · 2d ago on Sep 29, 2026· 59m 28s· 4 players
Game mode
Random Map
Map size
Medium (4 player)
Population
200
Speed
Normal
Resources
Standard
Victory
Conquest
Starting age
Dark Age
Ending age
Imperial Age
RankedLock teamsTeams togetherTeam positionsShared explorationLock speedFull tech treeHidden civsTurbo modeCheats
Victory
Defeat
🇦🇷 Persians · Argentina
969
+12
🇦🇷 Gurjaras · Argentina
812
+18
🇦🇷 Varangians · Argentina
891
-16
🇮🇳 Khmer · India
846
-14
Boniato en el ano
0:37 Loom
12:00 Feudal Age
16:14 Castle Age
14:53 Wheelbarrow
15:49 Double-Bit Axe
21:41 Bow Saw
21:14 Horse Collar
21:27 Gold Mining
21:27 Stone Mining
23:32 Hand Cart
30:06 Man-at-Arms
31:14 Long Swordsman
31:51 Town Watch
33:35 Town Patrol
40:42 Husbandry
40:53 Bloodlines
46:52 Heavy Plow
49:23 Caravan
51:39 Gold Shaft Mining
50:55 Stone Mining
52:00 Kshatriyas
58:08 Imperial Age
58:18 Elite Chakram Thrower
59:18 Frontier Guards
59:34 Hoardings
58:30 Sappers
59:20 Conscription
Maximas14(Amarillo)
6:36 Loom
9:18 Feudal Age
12:03 Double-Bit Axe
13:55 Forging
17:32 Town Watch
20:09 Castle Age
18:37 Horse Collar
20:02 Bloodlines
20:03 Scale Barding Armor
19:54 Fletching
21:16 Bow Saw
21:49 Heavy Plow
25:14 Husbandry
26:36 Stone Mining
29:32 Bodkin Arrow
29:58 Chain Barding Armor
31:47 Iron Casting
32:28 Ballistics
33:23 Wheelbarrow
32:34 Town Watch
35:29 Imperial Age
36:24 Elite War Elephant
36:51 Light Cavalry
37:55 Hussar
40:09 Conscription
45:04 Hand Cart
44:50 Town Patrol
45:25 Cavalier
47:19 Plate Barding Armor
47:45 Blast Furnace
46:49 Savar
goofy_1412
12:20 Feudal Age
13:20 Loom
14:03 Double-Bit Axe
14:32 Horse Collar
22:35 Castle Age
20:49 Stone Mining
21:47 Gold Mining
24:40 Bow Saw
24:33 Heavy Plow
27:03 Wheelbarrow
26:57 Town Watch
28:21 Hand Cart
28:57 Loom
30:19 Town Patrol
37:01 Imperial Age
36:22 Ballistics
40:45 Chemistry
39:45 Heavy Scorpion
51:32 Gold Shaft Mining
53:57 Double Crossbow
56:16 Caravan
Rey Gyuma
10:35 Feudal Age
11:20 Loom
19:33 Castle Age
17:38 Double-Bit Axe
18:56 Forging
18:46 Horse Collar
20:47 Bow Saw
20:40 Scale Mail Armor
22:01 Heavy Plow
24:06 Light Cavalry
25:30 Scale Barding Armor
28:21 Arson
28:37 Squires
31:45 Bloodlines
33:41 Stone Mining
37:31 Imperial Age
35:24 Ballistics
38:26 Imperial Age
39:30 Fervor
41:42 Two-Man Saw
50:22 Pikeman
Connection lost

Rejoining the realm…

Still unreachable

The connection could not be restored.

Session expired

The server has moved on; the page needs a fresh start.